 Dungeon Crawl Stone Soup version 0.19.1-1-g22dce08 (webtiles) character file.

48 M4edhros the Ducker (level 3, -8/17 HPs)
             Began as a Felid Chaos Knight on Jan 4, 2017.
             Killed by triggering a spear trap (25 damage)
             ... in an ossuary.
             The game lasted 00:02:26 (1040 turns).

M4edhros the Ducker (Felid Chaos Knight)            Turns: 1040, Time: 00:02:27

Health: -8/17      AC:  1    Str:  8    XL:     3   Next: 50%
Magic:  4/4        EV: 19    Int: 13    God:    Xom [......]
Gold:   86         SH:  0    Dex: 16    Spells: 0 memorised, 2 levels left
                                        Lives:  0   Deaths: 1

rFire  . . .     SeeInvis +       - Unarmed
rCold  . . .     Gourm    .     (armour unavailable)
rNeg   . . .     Faith    .     (shield unavailable)
rPois  .         Spirit   .     (helmet unavailable)
rElec  .         Reflect  .     (cloak unavailable)
rCorr  .         Harm     +     (gloves unavailable)
MR     .....                    (boots unavailable)
Stlth  +++.......               k - amulet of harm
                                (no ring)
                                (no ring)

@: quick
A: no armour, no weapons or thrown items, stealth, claws 1, fangs 3, see
invisible, carnivore 3, speed 1, shaggy fur 1, slow metabolism 1, sharp paws
a: Renounce Religion


You were in an ossuary.
You worshipped Xom.
You were a very special plaything of Xom.
You were not hungry.

You visited 1 branch of the dungeon, and saw 4 of its levels.
You also visited: Ossuary.

You collected 86 gold pieces.

Inventory:

Jewellery
 k - an amulet of harm (around neck)
Scrolls
 g - 2 scrolls of fear {unknown}
 l - a scroll of blinking {unknown}
Potions
 c - a potion of might {unknown}
 d - 2 potions of heal wounds {unknown}
 e - 2 potions of agility {unknown}
 f - a potion of magic {unknown}
 i - a potion of berserk rage {unknown}
Comestibles
 a - 2 meat rations
 b - 2 beef jerkies
 h - a slice of pizza
 j - 2 chunks of flesh


   Skills:
 + Level 3.6 Fighting
 + Level 4.2 Dodging
 + Level 2.8 Stealth
 + Level 3.8 Unarmed Combat


You had 2 spell levels left.
You didn't know any spells.

Dungeon Overview and Level Annotations

Branches:
Dungeon (4/15)
 Temple: D:4-7

Altars:
Makhleb
Okawaru

Annotations:
D:4 Blork the orc


Innate Abilities, Weirdness & Mutations

You cannot wear armour.
You are incapable of wielding weapons or throwing items.
Your paws allow you to move quietly. (Stealth)
You have sharp claws.
You have razor-sharp teeth.
You have supernaturally acute eyesight. (SInv)
You are carnivorous and can eat meat at any time.
You cover ground quickly.
You are covered in fur. (AC +1)
You have a slow metabolism.
Your sharp claws are effective at attacking unaware monsters.


Message History

The elf zombie is moderately damaged.
The elf zombie closely misses you. The elf zombie barely misses you.
You scratch the elf zombie.
The elf zombie is lightly damaged.
You claw the elf zombie!
The elf zombie is moderately damaged.
The elf zombie hits you!
* * * LOW HITPOINT WARNING * * *
The elf zombie hits you.
You die...
Xom roars with laughter!
You are now level 3!
Xom is amused.
You rejoin the land of the living...
Found 2 scrolls labeled ELANNU JESAOMP and 2 scrolls labeled QALEQA HOUR.
Found 2 scrolls labeled JEHIUTREVAVO and a scroll labeled ELANNU JESAOMP.
A spear shoots out and hits you!
Ouch! That really hurt!
You die...

###################
#??#...........∩...
#??#...............
##+#.........#####.
#.@.......§........
#..................
#.....##...........
#.....##...........
#........§..ZZ.....
#..#.......ZZ......
#..##..........∩...
#∩.##.....§....∩...
#..##..Z...........


There were no monsters in sight!

Vanquished Creatures
  A hound (D:4)
  2 mummies (Ossuary)
  2 adders
  A worm (D:1)
  A leopard gecko (D:2)
  2 giant cockroaches (D:2)
  A hobgoblin (D:2)
  4 jackals (D:2)
  3 kobolds
  A bat (D:2)
  3 frilled lizards
  3 goblins
  2 rats (D:1)
26 creatures vanquished.

Notes
Turn   | Place    | Note
-------+----------+-------------------------------------------
     0 | D:1      | M4edhros the Felid Chaos Knight began the quest for the Orb.
     0 | D:1      | Reached XP level 1. HP: 10/10 MP: 2/2
   168 | D:1      | Reached skill level 1 in Stealth
   294 | D:2      | Reached XP level 2. HP: 14/14 MP: 3/3
   391 | D:2      | Reached XP level 3. HP: 13/17 MP: 4/4
   480 | D:2      | Found a burning altar of Makhleb.
   492 | D:2      | XOM: butterfly on damage
   508 | D:2      | XOM: divination: detect items
   580 | D:2      | XOM: silly message
   712 | D:2      | XOM: god gift: scroll labeled EGGIOTUTAO {god gift}
   769 | D:2      | XOM: god gift: puce potion {god gift}
   787 | D:2      | XOM: cast spell 'Ice Form'
   848 | D:4      | Reached skill level 4 in Dodging
   848 | D:4      | Reached XP level 4. HP: 4/21 MP: 5/5
   953 | D:4      | Found an iron altar of Okawaru.
   981 | D:4      | Noticed Blork the orc
   989 | D:4      | Found a sand-covered staircase.
   995 | Ossuary  | Entered an ossuary
  1002 | Ossuary  | XOM: 10-stop teleportation journey
  1012 | Ossuary  | XOM: 1-stop teleportation journey
  1035 | Ossuary  | Slain by an elf zombie
  1036 | Ossuary  | Reached XP level 3. HP: -1/17 MP: 4/4
  1040 | Ossuary  | Killed by triggering a spear trap

Skill      XL: |  1  2  3 |
---------------+----------+-----
Stealth        | 1 2 |  2.8
Dodging        | 4 |  4.2
Fighting       | |  3.6
Unarmed Combat | |  3.8

Action                   |  1- 3 |  4- 6 || total
-------------------------+-------+-------++-------
Melee: Unarmed           |    69 |    20 ||    89
       Bite              |     2 |     3 ||     5
       Punch             |     1 |     2 ||     3
 Stab: Sleeping          |     6 |     1 ||     7
  Eat: Chunk             |     7 |       ||     7
Armor: Skin              |     6 |       ||     6
Dodge: Dodged            |    41 |    18 ||    59
